 Dungeon Crawl Stone Soup version 0.32-a0-994-gabb26cbae4 (webtiles) character file.

Game seed: 18067138301793351400

554855 MoltyBleed the Worldbinder (level 25, -8/204 HPs)
             Began as a Black Draconian Fire Elementalist on Apr 19, 2024.
             Was a Priest of Sif Muna.
             Mangled by an electric golem (9 damage)
             ... on level 4 of the Realm of Zot on Apr 23, 2024.
             The game lasted 06:01:18 (106841 turns).

MoltyBleed the Worldbinder (DrFE)                 Turns: 106841, Time: 06:01:19

Health: -8/204     AC: 23    Str:  7    XL:     25   Next: 16%
Magic:  17/47      EV: 16    Int: 30    God:    Sif Muna [***...]
Gold:   5251       SH:  5    Dex: 16    Spells: 9/65 levels left

rFire   + + +        V - staff of fire
rCold   + . .        (no shield)
rNeg    + + .        (body armour unavailable)
rPois   +            k - +2 hat {Will+}
rElec   +            c - +2 cloak {rCorr}
rCorr   +            L - +2 pair of gloves
SInv    +            K - +2 pair of boots {Fly}
Will    ++++.        r - amulet of Saalurot {Reflect Will+ Dex+3 SH+5}
Stlth   ++           t - ring "Noqats" {rF+ rN++ Str-3 Int+3 SInv}
HPRegen 0.54/turn    B - ring of Ysankal {rF+ Will+ rCorr}
MPRegen 0.30/turn

%: reflection
@: resistant, on dragon call cooldown, flying
A: galvanic breath, AC +12, unfitting armour, big wings, electricity resistance,
cold-blooded
}: 3/15 runes: serpentine, barnacled, silver
a: Galvanic Breath, Renounce Religion, Channel Magic, Forget Spell


You were on level 4 of the Realm of Zot.
You worshipped Sif Muna.
Sif Muna was most pleased with you.
You visited 10 branches of the dungeon, and saw 49 of its levels.
You visited 2 bazaars.
You also visited: Sewer.

You collected 9276 gold pieces.
You spent 4025 gold pieces at shops.

Inventory:

Hand Weapons
 X - the +9 lance "Wyrmbane" {slay drac, rPois rF+ rC+ AC+3}
   (You took it off Maggie on level 10 of the Dungeon)

   AC+3:      It affects your AC (+3).
   rF+:       It protects you from fire.
   rC+:       It protects you from cold.
   rPois:     It protects you from poison.
Missiles
 S - 3 throwing nets (quivered)
Armour
 c - a +2 cloak of preservation (worn)
 k - a +2 hat of willpower (worn)
 K - a +2 pair of boots of flying (worn)
 L - a +2 pair of gloves (worn)
Magical Staves
 V - a staff of fire (weapon)
Jewellery
 d - a ring of protection from cold
 l - a ring of fire
 q - an amulet of magic regeneration
 r - the amulet of Saalurot (around neck) {Reflect Will+ Dex+3 SH+5}
   (You bought it in a shop in a bazaar)

   [amulet of reflection]

   Reflect:   It reflects blocked missile attacks.
   Dex+3:     It affects your dexterity (+3).
   Will+:     It increases your willpower.
   SH+5:      It affects your SH (+5).
 s - the ring "Qaitsamo" {rElec rPois rC+ Str+6 Slay-3}
   (You found it on level 5 of the Vaults)

   [ring of strength]

   Str+6:     It affects your strength (+6).
   Slay-3:    It affects your accuracy & damage with ranged weapons and melee
   (-3).
   rC+:       It protects you from cold.
   rElec:     It insulates you from electricity.
   rPois:     It protects you from poison.
 t - the ring "Noqats" (left hand) {rF+ rN++ Str-3 Int+3 SInv}
   (You bought it in a shop on level 4 of the Snake Pit)

   [ring of protection from fire]

   Str-3:     It affects your strength (-3).
   Int+3:     It affects your intelligence (+3).
   rF+:       It protects you from fire.
   rN++:      It greatly protects you from negative energy.
   SInv:      It lets you see invisible.
 y - a ring of positive energy
 B - the ring of Ysankal (right hand) {rF+ Will+ rCorr}
   (You found it on level 3 of the Elven Halls)

   [ring of resist corrosion]

   rF+:       It protects you from fire.
   Will+:     It increases your willpower.
   rCorr:     It protects you from acid and corrosion.
 C - a ring of ice
 P - a +4 ring of protection
 W - a ring of poison resistance
Wands
 u - a wand of warping (45)
 v - a wand of paralysis (83)
 x - a wand of polymorph (40)
 A - a wand of mindburst (30)
 N - a wand of flame (28)
 Y - a wand of acid (30)
 Z - a wand of digging (37)
Scrolls
 a - 7 scrolls of fear
 b - 21 scrolls of teleportation
 e - a scroll of brand weapon
 f - 3 scrolls of butterflies
 g - 3 scrolls of blinking
 h - 4 scrolls of immolation
 n - 4 scrolls of enchant armour
 p - 7 scrolls of amnesia
 H - 3 scrolls of revelation
 J - 5 scrolls of enchant weapon
 O - 5 scrolls of silence
 Q - 3 scrolls of fog
 R - 5 scrolls of torment
Potions
 j - 17 potions of curing
 m - 4 potions of enlightenment
 o - 2 potions of berserk rage
 w - a potion of magic
 z - 5 potions of heal wounds
 D - 4 potions of brilliance
 E - 8 potions of invisibility
 F - 2 potions of haste
 G - 5 potions of resistance
 I - 5 potions of cancellation
 M - 8 potions of might
Miscellaneous
 i - a lightning rod (4/4)
 T - a phantom mirror
 U - a sack of spiders


   Skills:
 + Level 12.5 Fighting
 + Level 10.3 Dodging
 - Level 1.7 Stealth
 + Level 20.5 Spellcasting
 - Level 8.0 Conjurations
 - Level 23.9 Summonings
 - Level 10.0 Translocations
 - Level 17.1 Fire Magic
 - Level 23.8 Air Magic
 - Level 8.0 Invocations
 - Level 8.0 Evocations


You had 9 spell levels left.
You knew the following spells:

 Your Spells              Type           Power      Damage    Failure   Level
a - Fireball              Conj/Fire      51%        3d20      1%          5
b - Dragon's Call         Summ           54%        N/A       7%          9
c - Maxwell's Capacitive  Air            54%        ∞         1%          8
d - Airstrike             Air            54%        2d(8-24)  0%          4
e - Summon Lightning Spi  Summ/Air       100%       N/A       0%          4
f - Plasma Beam           Fire/Air       62%        2x1d78    1%          6
g - Monstrous Menagerie   Summ           54%        N/A       1%          7
x - Summon Cactus Giant   Summ           54%        N/A       0%          6
z - Malign Gateway        Summ/Tloc      46%        N/A       1%          7

Your spell library contained the following spells:

 Spells                   Type           Power      Damage    Failure   Level
 Foxfire                  Conj/Fire      100%       2x1d9     0%          1
 Shock                    Conj/Air       100%       1d9       0%          1
 Summon Small Mammal      Summ           100%       N/A       0%          1
 Call Imp                 Summ           100%       N/A       0%          2
 Scorch                   Fire           100%       2d9       0%          2
 Static Discharge         Conj/Air       100%       3-8/arc   0%          2
 Call Canine Familiar     Summ           100%       N/A       0%          3
 Swiftness                Air            100%       N/A       0%          3
 Volatile Blastmotes      Fire/Tloc      100%       2d18      0%          3
 Summon Blazeheart Golem  Fire/Summ      100%       N/A       0%          4
 Vhi's Electric Charge    Tloc/Air       100%       N/A       0%          4
 Apportation              Tloc           100%       N/A       1%          1
 Freeze                   Ice            100%       1d10      1%          1
 Kiss of Death            Conj/Necr      100%       2d13      1%          1
 Magic Dart               Conj           100%       1d8       1%          1
 Necrotise                Necr           100%       1d9       1%          1
 Cigotuvi's Dreadful Rot  Necr/Alch/Air  100%       N/A       1%          2
 Jinxbite                 Hex            60%        N/A       1%          2
 Searing Ray              Conj           100%       2d8       1%          2
 Sublimation of Blood     Necr           30%        N/A       1%          2
 Hailstorm                Conj/Ice       53%        3d10      1%          3
 Inner Flame              Hex/Fire       89%        N/A       1%          3
 Maxwell's Portable Pile  Tloc           74%        2d(12-35) 1%          3
 Summon Ice Beast         Ice/Summ       80%        N/A       1%          3
 Teleport Other           Tloc           74%        N/A       1%          3
 Flame Wave               Conj/Fire      100%       2d21      1%          4
 Ignite Poison            Fire/Alch      89%        N/A       1%          4
 Iskenderun's Mystic Bla  Conj/Tloc      71%        2d14      (+2d81%     4
 Martyr's Knell           Necr/Summ      80%        N/A       1%          4
 Passage of Golubria      Tloc           74%        N/A       1%          4
 Freezing Cloud           Conj/Ice/Air   38%        6-21      1%          5
 Silence                  Hex/Air        40%        N/A       1%          5
 Summon Forest            Summ/Tloc      46%        N/A       1%          5
 Summon Mana Viper        Hex/Summ       80%        N/A       1%          5
 Starburst                Conj/Fire      51%        6d14      1%          6
 Summon Hydra             Summ           54%        N/A       1%          7
 Fulminant Prism          Conj/Alch      26%        3d14      2%          4
 Confusing Touch          Hex            30%        N/A       3%          3
 Frozen Ramparts          Ice            60%        1d10      3%          3
 Fugue of the Fallen      Necr           30%        N/A       3%          3
 Ozocubu's Armour         Ice            30%        N/A       3%          3
 Sigil of Binding         Hex            30%        N/A       3%          3
 Tukima's Dance           Hex            30%        N/A       3%          3
 Vampiric Draining        Necr           30%        2d8       3%          3
 Dispersal                Tloc           37%        N/A       3%          6
 Gell's Gavotte           Tloc           37%        2d(28-41) 3%          6
 Irradiate                Conj/Alch      26%        3d20      6%          5
 Ignition                 Fire           58%        3d16      7%          8
 Haunt                    Necr/Summ      40%        N/A       8%          7
 Magnavolt                Erth/Air       40%        3d19      8%          7
 Anguish                  Hex/Necr       15%        N/A       12%         4
 Animate Dead             Necr           30%        N/A       12%         4
 Cause Fear               Hex            15%        N/A       12%         4
 Dispel Undead            Necr           30%        3d14      12%         4
 Leda's Liquefaction      Alch/Erth      15%        N/A       12%         4
 Petrify                  Alch/Erth      30%        N/A       12%         4
 Manifold Assault         Tloc           37%        N/A       17%         7
 Alistair's Intoxication  Alch           20%        N/A       32%         5
 Borgnjor's Vile Clutch   Necr/Erth      15%        N/A       32%         5
 Curse of Agony           Necr           30%        N/A       32%         5
 Lee's Rapid Deconstruct  Erth           15%        3d10*     32%         5
 Metabolic Englaciation   Hex/Ice        15%        N/A       32%         5
 Yara's Violent Unravell  Hex/Alch       15%        3d8       32%         5
 Disjunction              Tloc           37%        N/A       78%         8
 Chain Lightning          Conj/Air       45%        3d60      87%         9
 Death Channel            Necr           15%        N/A       88%         6
 Eringya's Noxious Bog    Alch           15%        4d6       88%         6
 Rimeblight               Ice/Necr       15%        2d5       (prima100%   7
 Borgnjor's Revivificati  Necr           15%        N/A       100%        8
 Death's Door             Necr           15%        N/A       100%        9
 Fire Storm               Conj/Fire      51%        8d13      100%        9
 Shatter                  Erth           15%        3d15*     100%        9
 Animate Armour           Summ/Erth      Unusable   N/A       N/A         4

Dungeon Overview and Level Annotations

Branches:
Dungeon (15/15)            Temple (0/1) D:6            Lair (5/5) D:9
 Shoals (4/4) Lair:2        Snake (4/4) Lair:2        Slime (0/5) Lair:4
    Orc (2/2) D:12            Elf (3/3) Orc:2        Vaults (5/5) D:14
  Crypt (3/3) Vaults:3       Tomb (0/3) Crypt:3      Depths (4/4) D:15
    Zot (4/5) Depths:4      Sewer (visited)

Altars:
Cheibriados
Dithmenos
Elyvilon
Gozag
Kikubaaqudgha
Makhleb
Okawaru
Ru
Sif Muna
Trog
Vehumet
Xom
Yredelemnul
Zin
The Shining One

Shops:
D:11 ([   D:13 [[!?   D:15 *   Orc:1 (   Orc:2 ([*:   Elf:1 ?   Elf:2 *=
Snake:3 =   Snake:4 =:=   Vaults:2 :   Vaults:5 !!   Depths:4 **

Portals:
Hell: Depths:1 Depths:2 Depths:3 Depths:4
Abyss: Depths:3
Pandemonium: Depths:2
Ziggurat: Depths:3
Trove: D:15 (give +7 demon blade)

Annotations:
D:4 1 runed translucent door, topfpfpflanze's ghost, amateur FeSh
D:12 exclusion: 2 ice statues
D:14 1 runed translucent door
Elf:2 3 runed translucent doors
Depths:2 6 runed translucent doors
Depths:3 1 runed translucent door
Zot:3 2 transporters


Innate Abilities, Weirdness & Mutations

You can breathe arcing electricity.
Your glossy black scales are hard. (AC +12)
You cannot fit into any form of body armour.
Your large and strong wings let you fly.
You are resistant to electric shocks. (rElec)
You are cold-blooded and may be slowed by cold attacks.


Message History

Confirm with . or Enter, or press ? or * to list all spells.
Casting: Plasma Beam (safe; 1% risk of failure)
Press: ? - help, Dir - look around, f - activate You feel a surge of power!
The bolt of lightning hits the electric golem.
The electric golem completely resists.
The electric golem is moderately damaged.
The fiery plasma misses the electric golem.
You feel less invigorated.
The electric golem hurls lightning at you.
The bolt of lightning hits you! You resist.
* * * LOW HITPOINT WARNING * * *
The bolt of lightning hits you. You resist.
* * * LOW HITPOINT WARNING * * *
The bolt of lightning hits the electric golem.
The electric golem completely resists.
You hear a roar!
Okay, then.
Casting: Plasma Beam (safe; 1% risk of failure)
Confirm with . or Enter, or press ? or * to list all spells.
Casting: Plasma Beam (safe; 1% risk of failure)
Press: ? - help, Dir - look around, f - activate You feel a surge of power!
The bolt of lightning hits the electric golem.
The electric golem completely resists.
The electric golem is moderately damaged.
The fiery plasma hits the electric golem!
The electric golem resists.
The electric golem is moderately damaged.
The electric golem crackles and sizzles.
The electric golem hits you.
* * * LOW HITPOINT WARNING * * *
The electric golem shocks you. You resist.
* * * LOW HITPOINT WARNING * * *
The electric golem hits you.
* * * LOW HITPOINT WARNING * * *
The electric golem shocks you. You resist.
* * * LOW HITPOINT WARNING * * *
The electric golem hits you!
You die...

# ...
#####.....
#@9)$#######
#°○##.......
#○#○☼§...d..
#☼#D..# D
##...###
#....ß #
##...##
.#...##
..#...


You could see an electric golem (ally target) and a friendly storm dragon
(summoned, very poisoned).

Vanquished Creatures
  A dread lich (Crypt:3)
  Frederick (Crypt:1)
  An ancient lich (Vaults:2)
  2 orbs of fire
  Mara (Snake:4)
  Bai Suzhen (Elf:3)
  A Killer Klown (Zot:4)
  Parghit (Depths:3)
  2 curse toes
  A caustic shrike (Depths:3)
  3 golden dragons
  Jory (Depths:4)
  Zenata (Crypt:1)
  2 tentacled monstrosities
  A quicksilver dragon (Zot:2)
  A walking earthen tome (Depths:3)
  A walking frostbound tome (Depths:4)
  3 liches
  3 titans
  Grunn (Depths:3)
  2 sphinxes
  A deep elf blademaster (Elf:3)
  3 ancient champions
  4 tengu reavers
  Polyphemus (Shoals:3)
  Aizul (Snake:1)
  Gastronok (Lair:2)
  10 shadow dragons
  2 draconian monks (Depths:4)
  Kirke (Lair:4)
  7 storm dragons
  A nagaraja (Snake:4)
  Roxanne (Elf:2)
  3 revenants
  A fire giant (Depths:3)
  Ilsuiw (Shoals:3)
  Donald (Vaults:1)
  2 iron dragons (Depths:3)
  5 frost giants
  3 deep elf sorcerers
  5 vault wardens
  2 deep elf elementalists (Elf:3)
  An orc warlord (Orc:2)
  2 balrugs (Depths:4)
  A draconian shifter (Zot:2)
  A curse skull (Crypt:1)
  2 spriggan defenders (Depths:2)
  7 stone giants
  4 ironbound preservers
  A draconian stormcaller (Zot:2)
  2 draconian annihilators
  4 very ugly things
  An ironbound thunderhulk (Vaults:3)
  3 green draconians
  2 deep elf demonologists
  5 deep elf death magi
  A purple draconian (Zot:1)
  8 vampire knights
  3 red draconians
  5 spark wasps
  4 deep elf annihilators (Elf:3)
  3 war gargoyles
  A dire elephant (D:15)
  3 white draconians
  A yellow draconian (Depths:4)
  10 merfolk impalers
  2 ettins
  A quicksilver dragon zombie (Crypt:3)
  An entropy weaver (Vaults:5)
  2 spriggan zombies (Crypt:3)
  2 crystal guardians (Crypt:3)
  2 jiangshi (Crypt:2)
  13 yaktaur captains
  8 ice dragons
  7 deep elf high priests
  7 merfolk javelineers
  7 fire dragons
  4 hydras
  A rakshasa (Depths:3)
  26 vault guards
  3 salamander tyrants
  A quicksilver dragon skeleton (Crypt:3)
  An alligator snapping turtle (Shoals:4)
  3 great orbs of eyes
  An ogre mage (D:15)
  A spriggan air mage (Depths:4)
  A merfolk avatar (Shoals:4)
  2 catoblepae
  2 boulder beetles
  2 merfolk aquamancers (Shoals:4)
  3 death knights
  2 dancing weapons (Crypt:3)
  2 satyrs
  6 ironbound frosthearts
  10 centaur warriors
  9 anacondas
  3 tengu warriors
  5 two-headed ogres
  2 deep troll shamans (Depths:2)
  A hell hog (Depths:1)
  7 shock serpents
  A vampire mage (Crypt:1)
  A bennu skeleton (Crypt:2)
  9 naga warriors
  7 spriggan berserkers
  8 naga sharpshooters
  4 deep troll earth magi
  6 death yaks
  3 orc high priests (Orc:2)
  A shock serpent (shapeshifter) (Depths:2)
  8 deep elf knights
  10 hell knights
  3 occultists
  A soul eater (Depths:2)
  6 skysharks
  9 skeletal warriors
  2 death drakes (shapeshifter)
  A salamander mystic (Snake:3)
  3 deep elf archers
  6 sea snakes
  Lodul (D:11)
  Amaemon (Lair:3)
  A golden dragon zombie (Crypt:3)
  16 deep trolls
  A bog body (Crypt:3)
  2 iron trolls
  2 glowing orange brains
  7 naga ritualists
  12 mana vipers
  3 arcanists
  6 ironbound convokers
  6 orc knights
  6 phantasmal warriors
  A thermic dynamo (Elf:2)
  5 lindwurms
  12 necromancers
  Pikel (D:9)
  10 harpies
  13 deep elf pyromancers
  8 deep elf zephyrmancers
  7 orc sorcerers
  6 salamanders
  A wolf spider (D:15)
  A shadow dragon skeleton (Depths:3)
  7 ugly things
  2 fauns (Shoals:1)
  6 cyclopes
  5 manticores
  7 merfolk sirens
  An elephant (D:9)
  9 moths of wrath
  2 kobold blastminers (Orc:2)
  5 slime creatures
  An orange demon (Lair:3)
  8 vault sentinels
  3 guardian serpents
  30 black mambas
  8 naga magi
  2 ice statues (D:12)
  4 water nymphs
  A smoke demon (Depths:2)
  A gargoyle (D:12)
  13 cane toads
  Jeremiah (D:8)
  A centaur skeleton (Crypt:3)
  3 rime drakes (Lair:2)
  3 freezing wraiths
  Maggie (D:10)
  2 unseen horrors
  30 yaktaurs
  5 nameless horrors
  A kobold demonologist (D:9)
  5 komodo dragons
  A tengu conjurer (Depths:1)
  26 merfolk
  A minotaur skeleton (Crypt:1)
  An iron troll zombie (Crypt:2)
  4 trolls
  3 polar bears
  3 hornets
  Prince Ribbit (D:7)
  2 wind drakes
  2 glass eyes (Depths:3)
  5 snapping turtles
  A glass eye (shapeshifter) (Vaults:5)
  A snapping turtle (shapeshifter) (Vaults:5)
  2 blink frogs (Lair:4)
  8 dream sheep
  A satyr skeleton (Crypt:1)
  A vampire (D:12)
  A spriggan (Depths:3)
  2 air elementals (Elf:1)
  A shadow (D:9)
  8 water elementals
  8 humans (D:14)
  A wraith (D:13)
  10 wyverns
  28 yaks
  3 wargs
  A warg (shapeshifter) (D:13)
  2 hogs (Lair:4)
  A redback (Lair:5)
  3 steam dragons
  5 vampire mosquitoes
  3 basilisks
  Menkaure (D:7)
  21 nagas
  5 acid dragons
  24 water moccasins
  3 hell hounds (D:13)
  A swamp drake (Lair:5)
  2 black bears
  26 orc warriors
  2 sky beasts (D:7)
  8 ice beasts (D:12)
  12 laughing skulls
  14 ogres
  11 centaurs
  6 boggarts
  4 wolves
  4 lemures
  12 bullfrogs
  A gnoll sergeant (D:7)
  3 scorpions
  A warg skeleton (Crypt:1)
  4 wights
  10 killer bees
  A shapeshifter zombie (Crypt:2)
  5 electric eels
  2 bombardier beetles (D:7)
  7 hounds
  8 jellies (Lair:4)
  21 orc priests
  2 gnoll boudas
  4 iguanas
  20 orc wizards
  4 hell rats (Lair:4)
  An ogre skeleton (Crypt:1)
  19 gnolls
  5 adders
  11 river rats
  A shadow imp (D:7)
  4 white imps
  2 dart slugs
  3 ribbon worms
  56 orcs
  7 endoplasms
  A giant cockroach (D:2)
  8 goblins
  6 hobgoblins
  5 quokkas
  8 ball pythons
  3 bats
  25 kobolds
  20 rats
  A butterfly (Lair:4)
1272 creatures vanquished.

Vanquished Creatures (collateral kills)
  An ancient lich (Vaults:5)
  Josephina (Zot:3)
  Saint Roka (Vaults:1)
  2 curse toes
  A golden dragon (Zot:3)
  A bone dragon (Crypt:3)
  2 doom hounds (Depths:3)
  A hellephant (Depths:1)
  5 tentacled monstrosities
  A quicksilver dragon (Vaults:5)
  A lich (Crypt:3)
  2 titans (Vaults:5)
  4 sphinxes
  4 death cobs
  5 tengu reavers
  7 shadow dragons
  4 storm dragons
  2 nagarajas
  A revenant (Crypt:2)
  A draconian monk (Zot:4)
  4 deep elf sorcerers
  6 frost giants
  4 fire giants
  A draconian shifter (Zot:4)
  4 deep elf elementalists (Elf:3)
  8 vault wardens
  4 ghouls
  A cacodemon (Depths:2)
  14 ironbound preservers
  11 very ugly things
  16 stone giants
  6 ironbound thunderhulks
  2 green draconians (Zot:4)
  3 deep elf death magi
  A black draconian (Zot:4)
  A vampire knight (Depths:2)
  3 dire elephants (Vaults:3)
  Azrael (D:13)
  4 yellow draconians
  3 white draconians (Zot:4)
  A deep elf annihilator (Elf:3)
  3 war gargoyles
  3 red draconians
  2 purple draconians
  Snorg (D:13)
  6 merfolk impalers
  A crystal guardian (Crypt:3)
  13 ettins
  2 jiangshi (Crypt:2)
  2 rakshasas
  2 deep elf high priests
  2 yaktaur captains (Vaults:2)
  5 vault guards
  2 great orbs of eyes
  An entropy weaver (shapeshifter) (Elf:1)
  4 ice dragons
  4 ironbound frosthearts
  A peacekeeper (Vaults:4)
  2 salamander tyrants (Snake:4)
  2 spriggan air magi (Depths:4)
  A death knight (Crypt:2)
  2 anacondas (Snake:4)
  A spriggan skeleton (Crypt:3)
  A merfolk aquamancer (Shoals:4)
  A boulder beetle (D:15)
  24 dancing weapons
  2 centaur warriors (D:14)
  4 merfolk avatars
  4 deep troll shamans
  2 tengu warriors
  3 two-headed ogres
  A hell hog (Depths:1)
  5 naga warriors
  A titan zombie (Crypt:3)
  A death yak (Shoals:3)
  11 deep troll earth magi
  2 orc high priests
  5 hell knights
  2 storm dragon zombies
  10 deep elf knights
  5 naga sharpshooters
  4 spriggan berserkers
  A salamander mystic (Snake:2)
  A titan skeleton (Depths:3)
  A golden dragon zombie (Depths:3)
  A flayed ghost (Depths:1)
  4 iron trolls
  3 sea snakes
  A bunyip zombie (Crypt:3)
  8 skeletal warriors (Crypt:3)
  4 mana vipers
  7 deep elf archers
  3 bog bodies
  3 naga ritualists
  50 deep trolls
  3 arcanists
  10 ironbound convokers
  2 tengu zombies
  2 spark wasp zombies
  A harpy (shapeshifter) (Elf:2)
  A swamp dragon (Lair:5)
  4 lindwurms (Vaults:1)
  2 orc knights
  2 necromancers
  3 harpies
  5 deep elf pyromancers
  9 deep elf zephyrmancers
  An obsidian bat (Orc:1)
  An orc sorcerer (Orc:2)
  6 phantasmal warriors
  A sphinx simulacrum (Vaults:3)
  21 ugly things
  4 manticores
  9 cyclopes
  4 fauns
  18 black mambas
  5 salamanders
  3 meliai (D:15)
  2 merfolk sirens
  9 moths of wrath
  7 naga magi
  17 vault sentinels
  A naga zombie (Crypt:3)
  2 large abominations (Elf:1)
  4 cane toads
  2 water nymphs (Shoals:4)
  5 rime drakes
  A ghost moth simulacrum (Zot:3)
  A yaktaur zombie (Vaults:3)
  2 komodo dragons (Lair:5)
  29 yaktaurs
  2 tengu conjurers
  6 freezing wraiths (Crypt:1)
  12 merfolk
  4 trolls
  A harpy zombie (Crypt:3)
  A harpy skeleton (Crypt:3)
  A polar bear (shapeshifter) (Elf:3)
  A shadow dragon simulacrum (Zot:3)
  5 hornets
  A wind drake (Shoals:2)
  A blink frog (Lair:4)
  A glass eye (Depths:4)
  10 snapping turtles
  6 dream sheep
  A guardian serpent zombie (Crypt:1)
  14 slime creatures
  2 air elementals
  A fire dragon skeleton (Crypt:2)
  3 spriggans
  13 water elementals
  10 yaks
  7 wraiths
  4 wyverns
  5 fire elementals
  A basilisk (Lair:5)
  A warg (Orc:1)
  A human (D:12)
  A green draconian simulacrum (Zot:3)
  A human simulacrum (Vaults:3)
  5 redbacks (Vaults:5)
  2 vampire mosquitoes (D:15)
  3 chaos spawn (Elf:1)
  A steam dragon (Lair:5)
  23 nagas
  8 water moccasins
  3 acid dragons
  A nameless horror (Vaults:1)
  A hell hound (D:13)
  2 glowing shapeshifter skeletons
  A naga skeleton (Crypt:3)
  5 ice beasts (D:12)
  12 orc warriors
  15 laughing skulls
  3 ogres
  4 wolves
  A centaur (D:14)
  2 boggarts (D:15)
  A hog skeleton (Crypt:1)
  4 elf zombies (Elf:1)
  2 earth elementals (Elf:1)
  A kobold brigand (D:11)
  A wyvern skeleton (Crypt:2)
  2 howler monkeys (D:13)
  A bullfrog zombie (Crypt:2)
  6 jellies (Lair:4)
  10 orc priests
  A bullfrog skeleton (Crypt:2)
  An iguana (shapeshifter) (D:15)
  An iguana (Lair:5)
  6 orc wizards
  6 hell rats (Lair:4)
  A deep dwarf skeleton (Crypt:1)
  A ribbon worm (D:13)
  22 orcs
  An endoplasm (Lair:4)
  2 kobolds (D:11)
  A bombardier beetle zombie (Crypt:2)
  A hobgoblin zombie (Crypt:2)
  An orc zombie (Crypt:1)
  23 foxfires
886 creatures vanquished.

Vanquished Creatures (others)
  Nikola (Vaults:1)
  A tentacled monstrosity (Zot:1)
  6 eldritch tentacles
  A fire giant (Depths:3)
  A vault guard (D:14)
  A nameless horror (Zot:3)
  A deep elf knight (Elf:1)
  A deep elf archer (Elf:1)
  A deep elf pyromancer (Elf:1)
  A human skeleton (Vaults:3)
  A human (Lair:4)
  A white draconian simulacrum (Zot:3)
  A laughing skull (Crypt:3)
  1091 foxfires
1109 creatures vanquished.

Grand Total: 3267 creatures vanquished

Notes
Turn   | Place    | Note
-------+----------+-------------------------------------------
     0 | D:1      | MoltyBleed the Draconian Fire Elementalist began the quest
                  | for the Orb.
     0 | D:1      | Reached XP level 1. HP: 14/14 MP: 3/3
   408 | D:1      | Reached XP level 2. HP: 20/20 MP: 3/5
   862 | D:1      | Found a faded altar of an unknown god.
   906 | D:2      | Learned a level 2 spell: Scorch
  1092 | D:2      | Reached XP level 3. HP: 16/26 MP: 2/6
  2805 | D:3      | Reached skill level 5 in Fire Magic
  2805 | D:3      | Reached XP level 4. HP: 33/33 MP: 2/7
  2947 | D:4      | Noticed a water moccasin
  2957 | D:4      | Killed a water moccasin
  2958 | D:4      | Reached XP level 5. HP: 26/38 MP: 5/8
  3453 | D:4      | Reached XP level 6. HP: 45/45 MP: 4/9
  3552 | D:4      | Found a shimmering blue altar of Sif Muna.
  3556 | D:4      | Became a worshipper of Sif Muna the Loreminder
  4260 | D:4      | Found a radiant altar of Vehumet.
  4497 | D:4      | Found a runed translucent door.
  4500 | D:4      | Noticed topfpfpflanze's ghost (amateur FeSh)
  4723 | D:5      | Entered Level 5 of the Dungeon
  5294 | D:5      | Found an opulent altar of Gozag.
  5330 | D:5      | Found a glowing silver altar of Zin.
  5333 | D:5      | Found a glowing golden altar of the Shining One.
  5352 | D:5      | Your scales start taking on a glossy black colour.
  5352 | D:5      | Reached XP level 7. HP: 46/50 MP: 3/10
  5352 | D:5      | Gained mutation: You are resistant to electric shocks.
                  | (rElec) [Black Draconian growth]
  5517 | D:5      | Reached skill level 1 in Air Magic
  5898 | D:5      | Reached * piety under Sif Muna
  6552 | D:6      | Found a staircase to the Ecumenical Temple.
  6570 | D:6      | Reached XP level 8. HP: 57/57 MP: 9/11
  6699 | D:6      | Found a shadowy altar of Dithmenos.
  6721 | D:6      | Reached skill level 5 in Air Magic
  7062 | D:6      | Found a glowing drain.
  7066 | Sewer    | Entered a sewer
  7082 | Sewer    | Reached skill level 5 in Conjurations
  7115 | Sewer    | Reached ** piety under Sif Muna
  7182 | Sewer    | Learned a level 4 spell: Flame Wave
  8519 | D:7      | Noticed Prince Ribbit
  8645 | D:7      | Noticed Menkaure
  8902 | D:6      | Learned a level 4 spell: Airstrike
  8993 | D:7      | Killed Prince Ribbit
  8994 | D:7      | Reached XP level 9. HP: 62/62 MP: 1/12
  9273 | D:7      | Killed Menkaure
  9644 | D:7      | You fall into a shaft and drop 2 floors!
  9996 | D:7      | Reached *** piety under Sif Muna
 10322 | D:7      | Found a shimmering altar of Xom.
 10322 | D:7      | Found a sacrificial altar of Ru.
 10358 | D:8      | Noticed Jeremiah
 10448 | D:8      | Reached skill level 10 in Air Magic
 10661 | D:8      | Reached skill level 1 in Fighting
 10661 | D:8      | Reached skill level 1 in Invocations
 11217 | D:8      | Killed Jeremiah
 11322 | D:8      | Reached XP level 10. HP: 51/77 MP: 1/13
 11733 | D:8      | Found a bloodstained altar of Trog.
 11912 | D:9      | Noticed an elephant
 12424 | D:9      | Killed an elephant
 12425 | D:9      | Reached skill level 5 in Fighting
 12425 | D:9      | Reached skill level 5 in Invocations
 12769 | D:9      | Noticed Pikel
 12786 | D:9      | Killed Pikel
 13151 | D:9      | Reached skill level 1 in Summonings
 13367 | D:9      | Found a staircase to the Lair.
 13443 | D:9      | Found a white marble altar of Elyvilon.
 13443 | D:9      | Found a burning altar of Makhleb.
 13756 | D:10     | Entered Level 10 of the Dungeon
 13756 | D:10     | Noticed a fire dragon
 13824 | Lair:1   | Entered Level 1 of the Lair of Beasts
 13858 | D:9      | Reached XP level 11. HP: 84/86 MP: 2/17
 14818 | Lair:1   | Reached skill level 5 in Dodging
 14880 | Lair:1   | Learned a level 4 spell: Summon Lightning Spire
 15589 | Lair:2   | Reached **** piety under Sif Muna
 15948 | Lair:2   | Reached skill level 5 in Spellcasting
 15948 | Lair:2   | Reached skill level 5 in Summonings
 16022 | Lair:2   | Noticed Gastronok
 16036 | Lair:2   | Killed Gastronok
 16375 | Lair:2   | Found a staircase to the Snake Pit.
 16804 | Lair:2   | Reached XP level 12. HP: 78/97 MP: 6/19
 17453 | Lair:2   | Found a staircase to the Shoals.
 17611 | Lair:3   | Noticed Amaemon
 17619 | Lair:3   | Killed Amaemon
 17957 | Lair:3   | Noticed a catoblepas
 17985 | Lair:3   | Killed a catoblepas
 18598 | Lair:3   | Identified the +7 rapier of the Swamp {flame, *Corrode rF+
                  | rN+ Str+3}
 19164 | Lair:4   | Noticed a seven-headed hydra
 19170 | Lair:4   | Killed a seven-headed hydra
 19356 | Lair:3   | Learned a level 6 spell: Plasma Beam
 19376 | Lair:4   | Noticed a death yak
 19376 | Lair:4   | Noticed a death yak
 19376 | Lair:4   | Noticed a death yak
 20671 | Lair:3   | Killed a death yak
 20708 | Lair:4   | Found a staircase to the Slime Pits.
 20725 | Lair:4   | Noticed Kirke
 20727 | Lair:4   | Killed Kirke
 20742 | Lair:4   | Reached XP level 13. HP: 107/107 MP: 5/20
 21564 | Lair:5   | Entered Level 5 of the Lair of Beasts
 21567 | Lair:5   | Reached skill level 10 in Fire Magic
 21777 | Lair:5   | Upgraded the game from 0.32-a0-975-g85d4e5bfdb to
                  | 0.32-a0-976-g7161d331b1
 23645 | Lair:5   | Reached skill level 10 in Dodging
 24041 | Lair:5   | Reached skill level 15 in Air Magic
 24135 | Lair:5   | Got the Discursus on the Salamander and Frostbite
 25118 | Lair:5   | Gained mutation: Your large and strong wings let you fly.
                  | [Black Draconian growth]
 25118 | Lair:5   | Reached XP level 14. HP: 104/119 MP: 12/21
 25558 | D:10     | Reached skill level 10 in Fighting
 25905 | D:10     | Noticed Maggie
 25911 | D:10     | Killed Maggie
 27526 | D:11     | Reached skill level 1 in Evocations
 27953 | D:11     | Noticed Lodul
 27955 | D:11     | Killed Lodul
 28140 | D:11     | Found Buuduo's Antique Armour Shop.
 28310 | D:11     | Found Jieh's Antique Weapon Emporium.
 28923 | D:12     | Found a staircase to the Orcish Mines.
 28980 | D:12     | Learned a level 5 spell: Fireball
 30385 | Orc:1    | Entered Level 1 of the Orcish Mines
 30673 | Orc:2    | Entered Level 2 of the Orcish Mines
 31415 | Orc:2    | Found a staircase to the Elven Halls.
 31848 | Orc:2    | Noticed an orc warlord
 31855 | Orc:2    | Killed an orc warlord
 31999 | Orc:2    | Found Xuizia's General Store.
 32000 | Orc:2    | Found Tenyv Nuab's Book Boutique.
 32002 | Orc:2    | Found Xevixaonuk's Antique Armour Boutique.
 32002 | Orc:2    | Found Noure's Antique Weapon Shop.
 32007 | Orc:2    | Bought a potion of haste for 130 gold pieces
 32007 | Orc:2    | Bought a scroll of revelation for 97 gold pieces
 32007 | Orc:2    | Bought a scroll of identify for 26 gold pieces
 32014 | Orc:2    | Bought a book of the Wilderness for 532 gold pieces
 32315 | Orc:1    | Reached ***** piety under Sif Muna
 33032 | Orc:1    | Found Asox Rov's Antique Weapon Shoppe.
 33281 | D:13     | Reached XP level 15. HP: 113/126 MP: 2/27
 33405 | D:13     | Reached skill level 5 in Evocations
 33513 | D:13     | Noticed Snorg
 33518 | D:13     | Killed Snorg
 33971 | D:13     | Found Zuoziagi's Magic Scroll Shop.
 33974 | D:13     | Found Veg Teuf's Distillery.
 33974 | D:13     | Found Kiddun's Antique Armour Shoppe.
 33976 | D:13     | Found Cewuchif's Armour Emporium.
 34119 | D:13     | Bought a potion of enlightenment for 90 gold pieces
 34119 | D:13     | Bought a potion of heal wounds for 90 gold pieces
 34119 | D:13     | Bought a potion of heal wounds for 90 gold pieces
 34124 | D:13     | Bought an embroidered cloak for 210 gold pieces
 34247 | D:13     | Noticed Azrael
 34264 | D:13     | Killed Azrael
 34798 | D:13     | Found a snail-covered altar of Cheibriados.
 35301 | D:14     | Found an iron altar of Okawaru.
 36005 | D:14     | Found a gate to the Vaults.
 36031 | D:14     | Identified the +0 tower shield "Maqereuv" {^Drain +Inv
                  | Dex+3 Stlth+}
 36223 | D:14     | Found a runed translucent door.
 36639 | Snake:1  | Entered Level 1 of the Snake Pit
 37082 | Snake:1  | Identified the +11 spear of Irrepressible Laughter {freeze,
                  | *Corrode rElec Dex+5}
 37409 | Snake:1  | Reached skill level 10 in Spellcasting
 37755 | Snake:1  | Identified the amulet "Muofy" {Harm Regen+}
 37956 | Snake:1  | Reached XP level 16. HP: 120/134 MP: 11/30
 39012 | Snake:1  | Got Ryripi Rygol's Information on Powerful Spellbinding
 39392 | Snake:1  | Received a gift from Sif Muna
 39395 | Snake:1  | Got Sif Muna's Compendium of Production {god gift}
 39448 | Snake:1  | Identified the serpent talisman "Xuisty" {rN++ Will++}
 39448 | Snake:1  | Noticed Aizul
 39455 | Snake:1  | Killed Aizul
 40288 | Snake:2  | Learned a level 6 spell: Summon Cactus Giant
 40601 | Snake:2  | Found a flickering gateway to a bazaar.
 40608 | Bazaar   | Entered a bazaar
 40612 | Bazaar   | Found Rosyac's Antique Weapon Emporium.
 40621 | Bazaar   | Found Joonyod's Antique Armour Emporium.
 40632 | Bazaar   | Found Hukluin's Distillery.
 40640 | Bazaar   | Bought a potion of heal wounds for 80 gold pieces
 40640 | Bazaar   | Bought a potion of brilliance for 64 gold pieces
 40643 | Bazaar   | Found Qil Bewo's Jewellery Shoppe.
 40651 | Bazaar   | Bought the amulet of Saalurot {Reflect Will+ Dex+3 SH+5}
                  | for 489 gold pieces
 40651 | Bazaar   | Bought a ring of see invisible for 150 gold pieces
 40651 | Bazaar   | Found Raopletean's General Store.
 40979 | Snake:2  | You are sucked into a shaft and drop 1 floor!
 40990 | Snake:2  | Reached skill level 10 in Summonings
 42399 | Snake:3  | Found Ynacedoh's Jewellery Boutique.
 42402 | Snake:3  | Bought an amulet of magic regeneration for 450 gold pieces
 42889 | Snake:4  | Entered Level 4 of the Snake Pit
 43181 | Snake:4  | Noticed Mara
 43190 | Snake:4  | Noticed MoltyBleed's illusion
 43192 | Snake:4  | Noticed MoltyBleed's illusion
 43201 | Snake:4  | Killed Mara
 44172 | Snake:4  | Reached XP level 17. HP: 140/140 MP: 11/33
 45052 | Snake:4  | Got a serpentine rune of Zot
 45574 | Snake:4  | Reached skill level 1 in Translocations
 45727 | Snake:4  | Found Inuth's Jewellery Emporium.
 45728 | Snake:4  | Found Wafe's Book Shop.
 45729 | Snake:4  | Found Duag's Jewellery Emporium.
 46121 | Shoals:1 | Entered Level 1 of the Shoals
 49203 | Shoals:3 | Reached skill level 5 in Translocations
 49580 | Shoals:3 | Noticed Ilsuiw
 49600 | Shoals:3 | Killed Ilsuiw
 50099 | Shoals:3 | Noticed Polyphemus
 50107 | Shoals:3 | Killed Polyphemus
 50520 | Shoals:4 | Entered Level 4 of the Shoals
 51058 | Shoals:4 | Reached XP level 18. HP: 147/147 MP: 4/36
 51363 | Shoals:4 | Received a gift from Sif Muna
 51841 | Shoals:4 | Identified the +3 quarterstaff "Raecsuro" {spect, Int+4
                  | Stlth+}
 52830 | Shoals:4 | Identified the +6 chain mail "Zack" {Regen+ MP+9}
 52864 | Shoals:4 | Got a barnacled rune of Zot
 53402 | D:15     | Entered Level 15 of the Dungeon
 54508 | D:15     | Found Enenie's Overcharged Wands.
 55137 | D:15     | Found a staircase to the Depths.
 55220 | D:15     | Found a portal to a secret trove of treasure.
 55730 | Vaults:1 | Entered Level 1 of the Vaults
 55755 | Vaults:1 | Learned a level 7 spell: Monstrous Menagerie
 55961 | Vaults:1 | Noticed Donald
 55968 | Vaults:1 | Killed Donald
 55996 | Vaults:1 | Received a gift from Sif Muna
 56208 | Vaults:1 | Noticed Nikola
 56213 | Vaults:1 | Killed Nikola
 56493 | Vaults:1 | Noticed Saint Roka
 56496 | Vaults:1 | Reached skill level 15 in Spellcasting
 57362 | Vaults:1 | Killed Saint Roka
 58004 | Vaults:2 | Reached XP level 19. HP: 154/154 MP: 18/38
 58852 | Vaults:2 | Reached skill level 15 in Summonings
 58949 | Vaults:2 | Found Opeonoil's Book Shoppe.
 60235 | Vaults:2 | Received a gift from Sif Muna
 60238 | Vaults:2 | Got Sif Muna's Compendium of Glamourous Coordinates {god
                  | gift}
 60275 | Vaults:2 | Noticed an ancient lich
 60399 | Vaults:2 | Killed an ancient lich
 61390 | Vaults:3 | Learned a level 7 spell: Malign Gateway
 61409 | Vaults:3 | Reached skill level 10 in Translocations
 63358 | Vaults:3 | Found a staircase to the Crypt.
 63358 | Vaults:3 | Found an ancient bone altar of Kikubaaqudgha.
 63359 | Vaults:3 | Found a basalt altar of Yredelemnul.
 64044 | Vaults:3 | Upgraded the game from 0.32-a0-976-g7161d331b1 to
                  | 0.32-a0-984-gb8cfe57ea9
 64731 | Vaults:4 | Reached XP level 20. HP: 161/161 MP: 9/40
 64937 | Vaults:4 | Found a flickering gateway to a bazaar.
 64946 | Bazaar   | Entered a bazaar
 64980 | Bazaar   | Found Imier's Jewellery Shoppe.
 65028 | Bazaar   | Found Jimudec's Assorted Antiques.
 65036 | Bazaar   | Bought a scroll of identify for 58 gold pieces
 65134 | Bazaar   | Found Uhud's Jewellery Shoppe.
 65172 | Bazaar   | Found Ymauv's Jewellery Boutique.
 67605 | Snake:4  | Bought the ring "Noqats" {rF+ rN++ Str-3 Int+3 SInv} for
                  | 653 gold pieces
 68126 | Vaults:5 | Entered Level 5 of the Vaults
 68586 | Vaults:5 | Identified the +2 falchion of Proximity {antimagic, Str+5}
 69585 | Vaults:5 | Reached XP level 21. HP: 152/168 MP: 8/41
 69979 | Vaults:5 | Identified the +0 quarterstaff of Innocence {holy, Str+4
                  | Dex+4}
 70031 | Vaults:5 | Noticed an ancient lich
 70035 | Vaults:5 | Noticed an ancient lich
 70047 | Vaults:5 | Killed an ancient lich
 70632 | Vaults:5 | Identified the +4 battleaxe of the Scorching Gods {distort,
                  | Will+ Str+4 Int-2 Dex+3}
 71040 | Vaults:5 | Got a silver rune of Zot
 71356 | Vaults:5 | Identified the ring "Qaitsamo" {rElec rPois rC+ Str+6
                  | Slay-3}
 71689 | Vaults:5 | Got Sif Muna's Papyrus of Fascinating Distillation
 71775 | Vaults:5 | Found Xiediekaon's Distillery.
 71783 | Vaults:5 | Bought a potion of brilliance for 60 gold pieces
 71783 | Vaults:5 | Bought a potion of haste for 150 gold pieces
 71783 | Vaults:5 | Bought a potion of invisibility for 120 gold pieces
 71786 | Vaults:5 | Found Kiuhown's Distillery.
 71791 | Vaults:5 | Bought a potion of curing for 36 gold pieces
 71791 | Vaults:5 | Bought a potion of heal wounds for 60 gold pieces
 73289 | Depths:1 | Entered Level 1 of the Depths
 74112 | Depths:1 | Reached skill level 15 in Fire Magic
 74219 | Depths:1 | Learned a level 8 spell: Maxwell's Capacitive Coupling
 74417 | Depths:1 | Identified a scroll of acquirement
 74419 | Depths:1 | Acquired 1142 gold pieces
 75713 | Depths:1 | Found a gateway to Hell.
 77647 | Depths:2 | Identified the +4 long sword "Death Rattle" {spect, ^Drain
                  | rElec rN+ Stlth+}
 78405 | Depths:2 | Found a one-way gate leading to the halls of Pandemonium.
 78419 | Depths:2 | Reached XP level 22. HP: 155/177 MP: 3/43
 79291 | Depths:2 | Found a runed translucent gate.
 79291 | Depths:2 | Found a runed translucent gate.
 79291 | Depths:2 | Found a runed translucent gate.
 79342 | Depths:2 | Noticed a golden dragon
 79404 | Depths:2 | Found a runed translucent gate.
 79404 | Depths:2 | Found a runed translucent gate.
 79404 | Depths:2 | Found a runed translucent gate.
 79566 | Depths:2 | Identified the +7 sling of Mitoewa {elec, *Corrode rPois
                  | Int+4}
 79841 | Depths:3 | Noticed Parghit
 79851 | Depths:3 | Killed Parghit
 80388 | Depths:3 | Noticed a golden dragon
 80393 | Depths:3 | Killed a golden dragon
 80634 | Depths:3 | Noticed a caustic shrike
 81068 | Depths:3 | Killed a caustic shrike
 81516 | Depths:3 | Noticed Grunn
 81541 | Depths:3 | Killed Grunn
 81729 | Depths:3 | Noticed a golden dragon
 81734 | Depths:3 | Killed a golden dragon
 82264 | Depths:3 | Found a one-way gate to the infinite horrors of the Abyss.
 83218 | Depths:3 | Found a one-way gateway to a ziggurat.
 83450 | Depths:3 | Found a runed translucent door.
 83462 | Depths:3 | Found a runed translucent door.
 83868 | Depths:3 | Noticed a juggernaut
 83922 | Depths:4 | Entered Level 4 of the Depths
 85023 | Depths:4 | Reached XP level 23. HP: 188/188 MP: 20/44
 85148 | Depths:4 | Found Lolutumu's General Store.
 85164 | Depths:4 | Found Moluubal's Specific Store.
 85194 | Depths:4 | Noticed Jory
 85201 | Depths:4 | Killed Jory
 85315 | Depths:4 | Bought a scroll of fog for 68 gold pieces
 85315 | Depths:4 | Bought a scroll of butterflies for 68 gold pieces
 85686 | Depths:4 | Found a gate to the Realm of Zot.
 86526 | Depths:4 | Upgraded the game from 0.32-a0-984-gb8cfe57ea9 to
                  | 0.32-a0-994-gabb26cbae4
 86777 | Elf:1    | Entered Level 1 of the Elven Halls
 87705 | Elf:1    | Got the Book of the Tomb
 88728 | Elf:1    | Paralysed by an air elemental for 1 turns
 88938 | Elf:1    | Found Qekankar's Magic Scroll Emporium.
 88941 | Elf:1    | Bought a scroll of blinking for 127 gold pieces
 88941 | Elf:1    | Bought a scroll of revelation for 127 gold pieces
 89267 | Elf:1    | Paralysed by an air elemental for 1 turns
 90134 | Elf:2    | Identified the granite talisman of the Merwolf {rC+ Will+
                  | Str+2 Int+2}
 90134 | Elf:2    | Noticed Roxanne
 90151 | Elf:2    | Killed Roxanne
 90996 | Elf:2    | Found a runed translucent gate.
 90996 | Elf:2    | Found a runed translucent gate.
 90996 | Elf:2    | Found a runed translucent gate.
 91084 | Elf:2    | Found Egat's Neck Hole.
 91572 | Elf:2    | Found Ariwuor's Jewellery Boutique.
 91833 | Elf:3    | Entered Level 3 of the Elven Halls
 92079 | Elf:3    | Identified the +3 scimitar "Voqong" {speed, rPois rF+
                  | rCorr}
 92232 | Elf:3    | Identified the +0 mace of Porock {speed, Fly Str+3}
 92243 | Elf:3    | Identified the ring of Ysankal {rF+ Will+ rCorr}
 92256 | Elf:3    | Identified the +1 quick blade of Brawling {chaos, rElec rF+
                  | Str+2 Dex+2}
 92272 | Elf:3    | Identified the +1 cloak "Yffooniniu" {rCorr Slay+2}
 92278 | Elf:3    | Identified the amulet of Relativism {^Contam rN+++ RegenMP+
                  | Str+2 Int+3}
 92301 | Elf:3    | Found the +4 Cigotuvi's embrace {Corpsefed rMiasma ^Drain
                  | rN+}
 92304 | Elf:3    | Found the +3 Mad Mage's Maulers {Infuse+∞ VampMP -Cast}
 92342 | Elf:3    | Identified the +7 sling of Valiance {drain, rF+ rN+}
 92371 | Elf:3    | Identified the +0 pair of gloves of Card Tricks {Str+4
                  | Int-4}
 92643 | Elf:3    | Noticed Bai Suzhen
 93003 | Elf:3    | Killed Bai Suzhen
 93357 | Elf:3    | Found a shimmering blue altar of Sif Muna.
 94015 | Crypt:1  | Entered Level 1 of the Crypt
 94312 | Crypt:1  | Noticed Zenata
 94316 | Crypt:1  | Killed Zenata
 94718 | Crypt:1  | Identified the orb "Xuinida" {*channel, rC- Str+5}
 94718 | Crypt:1  | Noticed Frederick
 94724 | Crypt:1  | Killed Frederick
 94725 | Crypt:1  | Reached XP level 24. HP: 167/195 MP: 21/46
 96677 | Crypt:2  | Found an ancient bone altar of Kikubaaqudgha.
 97092 | Crypt:3  | Entered Level 3 of the Crypt
 98568 | Crypt:3  | Noticed a dread lich
 98573 | Crypt:3  | Killed a dread lich
 98801 | Crypt:3  | Learned a level 9 spell: Dragon's Call
 98951 | Crypt:3  | Identified the +9 great sword "Icaesmutz" {vamp, rF++}
100183 | Crypt:3  | Found a basalt altar of Yredelemnul.
100817 | Crypt:3  | Found a staircase to the Tomb.
100822 | Crypt:3  | Identified the staff "Embalmer" {rN+ Str+2 Necro}
101195 | Zot:1    | Entered Level 1 of the Realm of Zot
101658 | Zot:1    | Noticed an orb of fire
101667 | Zot:1    | Killed an orb of fire
103992 | Zot:3    | Found a transporter.
104189 | Zot:3    | Identified the ring "Farig" {Ice rCorr SInv}
104189 | Zot:3    | Noticed Josephina
104490 | Zot:3    | Killed Josephina
104684 | Zot:3    | Found a transporter.
104730 | Zot:3    | Noticed an orb of fire
104743 | Zot:3    | Killed an orb of fire
105251 | Zot:4    | Noticed a Killer Klown
105546 | Zot:4    | Killed a Killer Klown
105607 | Zot:4    | Reached XP level 25. HP: 89/201 MP: 9/47
106841 | Zot:4    | HP: 9/204 [electric golem (6)]
106841 | Zot:4    | HP: 1/204 [electric golem (6)]
106841 | Zot:4    | Mangled by an electric golem

Illustrated notes

Levels and vault maps discovered:
D:1:      nzn_arrival_depleted_hourglass, layout_rooms,
          shapermc_ecumenical_altar_pompeii
D:2:      minmay_wonky_spiral, layout_loops_ring
D:3:      layout_basic, minivault_26, nicolae_underground_beach
D:4:      layout_cave_pools, nicolae_sif_muna_little_library,
          mainiacjoe_overflow_chevrons, serial_co_window_serial,
          co_window_of_opportunity_a, co_window_paths_b, co_window_corner_a,
          co_window_paths_b, co_window_paths_a, co_window_of_opportunity_c,
          co_window_corner_b, co_window_corner_b, co_window_paths_c,
          co_window_corner_ca, co_window_of_opportunity_b,
          co_window_unsneaky_path_e, glass_columns_a, glass_columns_b,
          glass_columns_a, glass_columns_b, glass_columns_b,
          ebering_ghost_inner_flame
D:5:      layout_basic, grunt_gozag_breadcrumbs, nicolae_overflow_squiral,
          amethyst_killhole
D:6:      layout_gridville, grunt_dithmenos_smoke, minmay_temple_entry_junction,
          gup_sewer_entry_spiral, corner_web_ring
D:7:      layout_cave_pools, mainiacjoe_overflow_divided_tiny,
          minmay_liquid_box, kennysheep_dice, uniq_prince_ribbit1, uniq_menkaure
D:8:      layout_loops_cross, trog_book, uniq_jeremiah
D:9:      layout_loops_ring, gammafunk_temple_overflow_pools,
          david_lair_generic, nrook_loot_triangle, chequers_decorated_corner,
          grunt_ministairs_2, uniq_pikel
D:10:     layout_layer_cave, serial_bayou, serial_bayou_crossing,
          serial_bayou_lagoon_a, serial_bayou_pond_b, serial_bayou_pond_c,
          serial_bayou_pond_a, uniq_maggie
D:11:     layout_loops_cross, serial_shops, nicolae_shop_window_shopping,
          nicolae_shop_tiny_statue_garden, uniq_lodul
D:12:     minmay_ice_pillars, layout_small_grid, erik_orc_4
D:13:     layout_roguey, nicolae_wooded_promenade, slow_altar_1, uniq_snorg,
          uniq_azrael
D:14:     layout_loops_cross, ximxim_vaults_locker_room, okawaru_gym_becter,
          lightli_airlock
D:15:     hangedman_depths_entry_try_elsewhere_first, layout_loops_corners,
          nicolae_tricolors, enter_trove_3, nicolae_shop_overcharged_wands
Lair:1:   layout_loops_ring, serial_bayou_shore_a, grunt_megastairs_1,
          lemuel_fruit_tree
Lair:2:   layout_cave_pods, elwin_shoals_entry_rooms,
          alex1729_snake_entry_snake, lemuel_fruit_fields, uniq_gastronok
Lair:3:   layout_layer_cave, uniq_amaemon
Lair:4:   layout_long_grid, minmay_slime_entry_jelly_boxes, lemuel_fruit_fields,
          serial_bayou_shore_b, grunt_megastairs_5, uniq_kirke
Lair:5:   hangedman_lair_tendril_chambers, layout_small_grid,
          guppyfry_lair_end_dragon, enter_volcano_2
Shoals:1: layout_shoals
Shoals:2: layout_shoals
Shoals:3: layout_shoals, uniq_ilsuiw, uniq_polyphemus
Shoals:4: shoals_end_grunt_ice, layout_shoals, shoals_ilsuiw_alternative
Snake:1:  cheibrodos_forgotten_conduit, layout_onion, st_stairs_14,
          grunt_ministairs_4, nicolae_snake_snakewalk, uniq_aizul
Snake:2:  layout_layer_cave, serial_shops, bzr_entry_dummy
Snake:3:  layout_misc_corridors, serial_shops, nicolae_shop_trees
Snake:4:  minmay_snake_end_coiled, layout_chambers, minmay_shop_grove, uniq_mara
Orc:1:    layout_caves, serial_shops, shop
Orc:2:    st_orc_congregation, layout_caves
Elf:1:    layout_onion_city, serial_shops, shop, minmay_elf_necromancy,
          nicolae_elf_free_trip_to_the_abyss
Elf:2:    nicolae_elf_blades_crystal_corner, layout_loops_corners, serial_shops,
          shop, nicolae_shop_sticking_my_neck_out, uniq_roxanne, uniq_louise
Elf:3:    minmay_elf_hall_x, layout_gridlike, basic_altar, uniq_bai_suzhen
Vaults:1: nicolae_vaults_double_plus_3, grunt_vaults_bifocal,
          ontoclasm_vaults_misaligned, v_misc_8, hangedman_vaults_stagger,
          vaults_mumra_minichess, nicolae_vaults_windows_and_doors_thing,
          vaults_mumra_hex, layout_vaults_omnigrid, uniq_saint_roka,
          uniq_donald, uniq_nikola
Vaults:2: nicolae_vaults_shrinking_rooms_1, vaults_mumra_chevron,
          nicolae_vaults_weapon_check, nicolae_vaults_swerve,
          vaults_room_mumra_shop_pool, hangedman_vaults_corner,
          nicolae_vaults_sealed_display, nicolae_vaults_security_offices_2,
          nicolae_vaults_storage_closets_3, nicolae_vaults_tangram_2,
          nicolae_vaults_variable_pillar_hall_cross, vaults_room_grid,
          layout_vaults_omnibox
Vaults:3: minmay_crypt_entry_necro_gods, hangedman_vaults_unwind,
          nicolae_vaults_two_Ls, ontoclasm_vaults_ring_small,
          nicolae_vaults_tangram_1, vaults_standard_mumra_lines,
          nicolae_vaults_circle_grid_a, vaults_standard_mumra_enter_the_diamond,
          nicolae_vaults_little_squares_6, nicolae_vaults_circle_grid_b,
          v_misc_25, serial_ice_m, nicolae_vaults_yaktaur_gun_rack,
          layout_vaults_omnicross
Vaults:4: mu_enter_wizlab_4, nicolae_vaults_little_ls, v_misc_32,
          nicolae_vaults_arrows, vaults_room_pool, ontoclasm_vaults_spin,
          layout_vaults_chaotic_city, serial_shops, bzr_entry_dummy
Vaults:5
Crypt:1:  layout_misc_corridors, minmay_misc_feat_rows, uniq_zenata,
          uniq_frederick
Crypt:2:  layout_basic, basic_altar, lemuel_upstairs_altar
Crypt:3:  cryptofortress_bobbens
Depths:1: layout_basic, serial_bayou_pond_e, grunt_hell_horde,
          kennysheep_generic_room_15, kennysheep_random_hallway
Depths:2: kennysheep_treasure_stockpile, layout_honeycomb,
          grunt_hell_entry_dis_old, grunt_pan_entry_sceptre,
          grunt_decor_arrowhead, minmay_staircase_windowed_large,
          grunt_megastairs_2
Depths:3: thingy_vault_2, layout_cross, enter_ziggurat_f,
          kennysheep_decorative_pillar, abyss_entry_crystal,
          hangedman_coc_ice_floe, nicolae_rejected_hall, uniq_grunn,
          uniq_parghit
Depths:4: grunt_zot_entry_bicorn, layout_honeycomb, dk_noncrumbling_4,
          pf_dread_powers_of_hell, nicolae_specific_store, serial_bayou_shore_b,
          grunt_megastairs_4, uniq_jory
Zot:1:    layout_gridlike, regret_index_zotdec_glowing_original
Zot:2:    layout_twisted_circle
Zot:3:    gammafunk_its_a_trap, layout_misc_corridors, grunt_ministairs_5,
          uniq_josephina
Zot:4:    regret_index_all_hallows'_manor, layout_basic,
          regret_index_zotdec_serpentine_coiled, grunt_ministairs_15,
          lemuel_baited_zot_trap

Skill      XL: |  1  2  3  4  5  6  7  8  9 10 11 12 13 14 15 16 17 18 19 20 21 22 23 24 |
---------------+-------------------------------------------------------------------------+-----
Fire Magic     | 4 5 6 8 9 10 11 13 15 17 | 17.1
Air Magic      | 4 7 10 11 12 15 16 17 19 20 22 23 | 23.8
Conjurations   | 3 6 8 |  8.0
Fighting       | 3 5 6 8 9 10 12 | 12.5
Invocations    | 3 8 |  8.0
Dodging        | 3 6 8 10 | 10.3
Summonings     | 2 5 8 11 13 14 16 17 18 21 23 | 23.9
Spellcasting   | 3 5 8 10 12 14 15 16 17 19 20 | 20.5
Evocations     | 4 6 8 |  8.0
Translocations | 6 8 10 | 10.0
Stealth        | |  1.7

Action                     |  1- 3 |  4- 6 |  7- 9 | 10-12 | 13-15 | 16-18 | 19-21 | 22-24 | 25-27 || total
---------------------------+-------+-------+-------+-------+-------+-------+-------+-------+-------++-------
  Melee: Club              |     3 |       |       |       |       |       |       |       |       ||     3
         Unarmed           |     1 |       |       |       |       |       |       |       |       ||     1
         Dagger            |    17 |    13 |    66 |    68 |       |       |       |       |       ||   164
         Tailslap          |       |       |     7 |    18 |     3 |    12 |     5 |     3 |       ||    48
         Staff             |       |       |       |       |    14 |    33 |    16 |    16 |     2 ||    81
  Throw: Throwing net      |       |       |       |       |       |     1 |     1 |     2 |       ||     4
   Cast: Foxfire           |    77 |    59 |   183 |   118 |   212 |       |       |       |       ||   649
         Scorch            |    11 |    30 |    74 |   115 |   152 |   126 |    40 |    17 |       ||   565
         Airstrike         |       |       |    17 |    57 |    39 |   201 |   131 |   127 |     7 ||   579
         Flame Wave        |       |       |       |    25 |     9 |     2 |       |       |       ||    36
         Summon Lightning  |       |       |       |    44 |   157 |   169 |   135 |   144 |     5 ||   654
         Plasma Beam       |       |       |       |     4 |   132 |   113 |   144 |   158 |    11 ||   562
         Fireball          |       |       |       |       |    62 |   101 |    17 |     5 |       ||   185
         Summon Cactus Gia |       |       |       |       |       |    85 |   145 |   105 |     7 ||   342
         Monstrous Menager |       |       |       |       |       |    17 |   214 |   371 |    13 ||   615
         Malign Gateway    |       |       |       |       |       |       |     4 |     2 |       ||     6
         Maxwell's Capacit |       |       |       |       |       |       |    21 |   103 |     2 ||   126
         Dragon's Call     |       |       |       |       |       |       |       |     4 |     2 ||     6
 Invoke: Channel Magic     |       |       |       |    14 |    36 |    34 |    60 |    62 |     5 ||   211
         Forget Spell      |       |       |       |       |     1 |       |     1 |     1 |       ||     3
Ability: Galvanic Breath   |       |       |     9 |     3 |    10 |     5 |    10 |     6 |     2 ||    45
  Evoke: Wand              |       |       |       |     1 |       |     1 |       |       |       ||     2
         Phantom mirror    |       |       |       |     1 |     1 |       |       |       |       ||     2
    Use: Potion            |       |     1 |     1 |     2 |     1 |     5 |    14 |     5 |    10 ||    39
         Scroll            |       |     1 |     5 |     4 |     6 |    17 |    15 |     4 |     4 ||    56
   Stab: Paralysed         |       |       |       |     3 |       |       |       |       |       ||     3
         Distracted        |       |       |       |       |       |     1 |     4 |     2 |       ||     7
 Armour: Skin              |    27 |    28 |   112 |   209 |   218 |   320 |   316 |   336 |    52 ||  1618
  Dodge: Dodged            |    26 |    15 |    99 |   152 |   152 |   209 |   160 |   239 |    28 ||  1080
  Block: Other             |       |       |       |       |       |    50 |    42 |    43 |     1 ||   136
         Reflection        |       |       |       |       |       |    13 |    13 |     7 |       ||    33

Table legend: (Time is in decaauts)
 A = Elapsed time spent in this place.
 B = Non-inter-level travel time spent in this place.
 C = Inter-level travel time spent in this place.
 D = Time resting spent in this place.
 E = Time spent auto-exploring this place.
 F = Levels seen in this place.
 G = Mean time per level.
                   A        B        C        D        E       F      G
               +--------+--------+--------+--------+--------+-----+--------+
         Total | 106990 | 100252 |   6738 |  47562 |  31521 |  52 | 2057.5 |
       Dungeon |  25561 |  22979 |   2582 |   7860 |  11558 |  15 | 1704.1 |
          Lair |  11939 |  10950 |    989 |   4937 |   4480 |   5 | 2387.8 |
        Shoals |   7490 |   7186 |    304 |   4006 |    899 |   4 | 1872.5 |
     Snake Pit |   9429 |   8786 |    643 |   4850 |   2056 |   4 | 2357.2 |
  Orcish Mines |   2718 |   2500 |    218 |   1212 |    885 |   2 | 1359.0 |
   Elven Halls |   6994 |   6775 |    219 |   3153 |   2081 |   3 | 2331.3 |
        Vaults |  15685 |  14940 |    745 |   7843 |   3096 |   5 | 3137.0 |
         Crypt |   6904 |   6744 |    160 |   3817 |   1642 |   3 | 2301.3 |
        Depths |  13290 |  12513 |    777 |   6768 |   2665 |   4 | 3322.5 |
           Zot |   5637 |   5537 |    100 |   3060 |   1175 |   4 | 1409.2 |
        Bazaar |    413 |    413 |      0 |      0 |    294 |   2 |  206.5 |
         Sewer |    924 |    924 |      0 |     55 |    689 |   1 |  924.0 |
               +--------+--------+--------+--------+--------+-----+--------+

Top non-repeatable levels by time:
Depths:2: 4104 daAuts
Vaults:5: 3906 daAuts
 Crypt:3: 3786 daAuts
Depths:1: 3468 daAuts
Vaults:2: 3426 daAuts
 Snake:1: 3378 daAuts
Vaults:3: 3297 daAuts
 Snake:4: 3080 daAuts
Depths:3: 3057 daAuts
   Elf:1: 3038 daAuts
  Lair:5: 2822 daAuts
Vaults:4: 2767 daAuts
  Lair:2: 2707 daAuts
Depths:4: 2660 daAuts
Shoals:4: 2636 daAuts
